 Dungeon Crawl Stone Soup version 0.31.0-32-g396128a36d (webtiles) character file.

Game seed: 1462272097172411312

41 Linguinho the Trooper (level 3, -4/23 HPs)
             Began as a Gargoyle Fighter on Apr 9, 2024.
             Killed from afar by Ijyb (17 damage)
             ... with a bolt of light
             ... on level 3 of the Dungeon.
             The game lasted 00:01:05 (1326 turns).

Linguinho the Trooper (Gargoyle Fighter)            Turns: 1326, Time: 00:01:05

Health: -4/23      AC: 10    Str: 21    XL:     3   Next: 52%
Magic:  3/3        EV:  9    Int:  8    God:
Gold:   198        SH:  0    Dex:  9    Spells: 2/2 levels left

rFire   + . .        h - +0 whip (freeze)
rCold   + . .        c - +0 buckler
rNeg    + . .        b - +0 scale mail
rPois   ∞            (no helmet)
rElec   +            q - scarf {rC+ rF+}
rCorr   .            (no gloves)
SInv    .            (no boots)
Will    .....        (no amulet) Stlth
                     (no ring)
HPRegen 0.23/turn    (no ring)
MPRegen 0.08/turn

%: no passive effects
@: confused
A: sickness immunity, AC +3, negative energy resistance 1, electricity
resistance, torment resistance 1, petrification resistance
a: no special abilities


You were on level 3 of the Dungeon.
You visited 1 branch of the dungeon, and saw 3 of its levels.

You collected 198 gold pieces.

Inventory:

Hand Weapons
 h - a +0 whip of freezing (weapon)
Armour
 b - a +0 scale mail (worn)
 c - a +0 buckler (worn)
 q - a scarf of resistance (worn)
Scrolls
 f - a scroll of fear {unknown}
 j - a scroll of vulnerability {unknown}
 l - a scroll of enchant armour {unknown}
 o - a scroll of torment {unknown}
 p - a scroll of blinking {unknown}
Potions
 a - a potion of magic {unknown}
 d - a potion of might
 e - a potion of enlightenment {unknown}
 g - 2 potions of brilliance {unknown}
 i - a potion of curing {unknown}
 k - a potion of attraction {unknown}
 m - a potion of heal wounds {unknown}
 n - a potion of lignification {unknown}


   Skills:
 + Level 3.6 Fighting
 + Level 2.8 Maces & Flails
 + Level 3.6 Armour
 + Level 0.3 Dodging
 + Level 3.5 Shields


You had 2 spell levels left.
You didn't know any spells.
Your spell library contained the following spells:

 Spells                   Type           Power      Damage    Failure   Level
 Ensorcelled Hibernation  Hex/Ice        0%         N/A       91%         2
 Lesser Beckoning         Tloc           0%         N/A       91%         2
 Gell's Gravitas          Tloc           0%         N/A       99%         3
 Passwall                 Erth           0%         N/A       99%         3
 Swiftness                Air            0%         N/A       99%         3
 Teleport Other           Tloc           0%         N/A       99%         3


Dungeon Overview and Level Annotations

Branches:
Dungeon (3/15)

Altars:

Annotations:
D:3 Ijyb


Innate Abilities, Weirdness & Mutations

You are immune to sickness and miasma.
Your stone body is resilient. (AC +3)
You are immune to poison.
You resist negative energy. (rN+)
You are resistant to electric shocks. (rElec)
You are resistant to unholy torment.
You are immune to petrification.


Message History

No target in view!
Found an escape hatch in the floor.
You pick up a book of Burglary and begin reading...
You add the spells Ensorcelled Hibernation, Swiftness and Passwall to your library.
No target in view!
You now have 188 gold pieces (gained 8).
A dart slug comes into view.
A dart slug is nearby!
A dart slug is nearby!
The dart slug launches a dart at you. The slug dart hits you.
You hit the dart slug. You freeze the dart slug.
The dart slug is heavily wounded.
You hit the dart slug. You freeze the dart slug.
The dart slug is severely wounded.
The dart slug briefly extends its eye-stalks.
The dart slug launches a dart at you. The slug dart hits you.
You hit the dart slug. You freeze the dart slug.
You kill the dart slug!
No target in view!
No target in view!
No target in view!
No target in view!
No target in view!
No target in view!
No target in view!
No target in view!
No target in view!
HP restored.
You see here a dart slug corpse.
You now have 198 gold pieces (gained 10).
Ijyb the Twisted Goblin comes into view.
She is wielding a +0 dagger of venom and carrying a wand of light.
Ijyb is nearby!
Ijyb is nearby!
Ijyb zaps a wand.
The bolt of light hits you!
Ijyb zaps a wand.
The bolt of light hits you!
You are confused.
Ouch! That really hurt!
You die...

#...# #...####
#......####
#...##....## #.
##.######..## ...
#..## ##..######...
###..####.†...........
#......##.......##....
#......##.....@.......
#......##........#g...
#......##...>....# ###
#....<.##........#
#......#...........
#................##
#...............##
#...............#
######.........##


You could see Ijyb.

Vanquished Creatures
  A gnoll (D:2)
  2 dart slugs (D:3)
  5 bats
  4 endoplasms
  2 giant cockroaches (D:2)
  A jackal (D:2)
  4 quokkas
  A ball python (D:1)
  A frilled lizard (D:1)
  2 goblins (D:1)
  A kobold (D:1)
  2 rats
26 creatures vanquished.

Notes
Turn   | Place    | Note
-------+----------+-------------------------------------------
     0 | D:1      | Linguinho the Gargoyle Fighter began the quest for the Orb.
     0 | D:1      | Reached XP level 1. HP: 14/14 MP: 1/1
   124 | D:1      | Reached XP level 2. HP: 19/19 MP: 2/2
   595 | D:2      | Found a faded altar of an unknown god.
   945 | D:2      | Reached XP level 3. HP: 20/23 MP: 3/3
  1324 | D:3      | Noticed Ijyb
  1326 | D:3      | Killed from afar by Ijyb

Illustrated notes

Levels and vault maps discovered:
D:1:      minmay_arrival_nine_rooms, layout_rooms, supply_closet_lemuel
D:2:      layout_basic, chequers_ecumenical_altar_simple_redux, minivault_14,
          minmay_tetromino_i2
D:3:      layout_rooms, minmay_liquid_box, minmay_statues_item,
          minmay_strange_pillars, uniq_ijyb

Action                     || total
---------------------------++-------
  Melee: Flail             ||    12
         Whip              ||    76
 Armour: Scale mail        ||    69
  Dodge: Dodged            ||    46
  Block: Buckler           ||    13
